 Dungeon Crawl Stone Soup version 0.30.0-5-g1a98f26d00 (webtiles) character file.

Game seed: 1118413637043634604

25 CaptainMV the Vexing (level 3, 0/28 HPs)
             Began as a Gnoll Hexslinger on May 12, 2023.
             Killed from afar by a dart slug (3 damage)
             ... with a slug dart
             ... on level 2 of the Dungeon.
             The game lasted 00:04:45 (405 turns).

CaptainMV the Vexing (Gnoll Hexslinger)              Turns: 405, Time: 00:04:46

Health: 0/28       AC:  5    Str:  8 (9)  XL:     3   Next: 4%
Magic:  7/7        EV: 13    Int: 13 (14) God:
Gold:   15         SH:  0    Dex:  9 (12) Spells: 3/7 levels left

rFire   . . .        b - staff of death
rCold   . . .        (no shield)
rNeg    + . .        c - +0 robe
rPois   .            (no helmet)
rElec   .            (no cloak)
rCorr   .            d - +2 pair of gloves
SInv    .            (no boots)
Will    .....        (no amulet)
Stlth   +            (no ring)
HPRegen 0.24/turn    (no ring)
MPRegen 0.10/turn

%: no passive effects
@: hasted, very quick
A: fangs 1, strong nose, distributed training
a: no special abilities


You were on level 2 of the Dungeon.
You visited 1 branch of the dungeon, and saw 2 of its levels.

You collected 15 gold pieces.

Inventory:

Hand Weapons
 a - a +1 sling
Missiles
 e - 5 poisoned darts (quivered)
Armour
 c - a +0 robe (worn)
 d - a +2 pair of gloves (worn)
Magical Staves
 b - a staff of death (weapon)
Scrolls
 h - a scroll of poison


   Skills:
 + Level 2.5 Fighting
 + Level 0.6 Short Blades
 + Level 0.6 Long Blades
 + Level 0.6 Axes
 + Level 0.6 Maces & Flails
 + Level 0.6 Polearms
 + Level 0.6 Staves
 + Level 4.5 Ranged Weapons
 + Level 0.6 Throwing
 + Level 0.6 Armour
 + Level 4.5 Dodging
 + Level 0.6 Stealth
 + Level 0.6 Shields
 + Level 0.6 Unarmed Combat
 + Level 2.8 Spellcasting
 + Level 0.4 Conjurations
 + Level 5.4 Hexes
 + Level 0.4 Summonings
 + Level 0.4 Necromancy
 + Level 0.4 Translocations
 + Level 0.4 Transmutations
 + Level 0.4 Fire Magic
 + Level 0.4 Ice Magic
 + Level 0.4 Air Magic
 + Level 0.4 Earth Magic
 + Level 0.4 Poison Magic
 + Level 0.8 Invocations
 + Level 0.6 Evocations


You had 3 spell levels left.
You knew the following spells:

 Your Spells              Type           Power      Damage    Failure   Level
a - Slow                  Hex            60%        N/A       2%          1
b - Inner Flame           Hex/Fire       9%         N/A       22%         3

Your spell library contained the following spells:

 Spells                   Type           Power      Damage    Failure   Level
 Ensorcelled Hibernation  Hex/Ice        18%        N/A       11%         2
 Portal Projectile        Hex/Tloc       18%        N/A       22%         3
 Spider Form              Tmut/Pois      3%         N/A       50%         3
 Cause Fear               Hex            7%         N/A       26%         4
 Anguish                  Hex/Necr       7%         N/A       56%         4


Dungeon Overview and Level Annotations

Branches:
Dungeon (2/15)

Altars:


Innate Abilities, Weirdness & Mutations

You have very sharp teeth.
Your uncanny sense of smell can sniff out nearby items.
Your experience applies equally to all skills.


Message History

The slug dart hits you.
* * * LOW HITPOINT WARNING * * *
The hobgoblin misses you.
You closely miss the hobgoblin.
The hobgoblin is moderately wounded.
The hobgoblin barely misses you. The dart slug launches a dart at you.
The slug dart hits you.
* * * LOW HITPOINT WARNING * * *
You hit the hobgoblin but do no damage. Your bite misses the hobgoblin.
The hobgoblin is moderately wounded.
The hobgoblin hits you.
* * * LOW HITPOINT WARNING * * *
You closely miss the hobgoblin.
The hobgoblin is moderately wounded.
The hobgoblin hits you.
* * * LOW HITPOINT WARNING * * *
The dart slug launches a dart at you. The slug dart misses you.
You hit the hobgoblin.
The hobgoblin is almost dead.
The frilled lizard hisses angrily.
The hobgoblin misses you. The hobgoblin completely misses you.
You barely miss the hobgoblin.
The hobgoblin is almost dead.
The dart slug barely misses you. The hobgoblin barely misses you.
It was a potion of degeneration.
There was something very wrong with that liquid.
You feel weakened.
You feel dopey.
You feel clumsy. The dart slug barely misses you. The hobgoblin misses you.
It was a potion of haste.
You feel yourself speed up. The hobgoblin completely misses you.
The dart slug barely misses you.
You closely miss the hobgoblin.
The hobgoblin is almost dead.
The hobgoblin misses you.
You closely miss the hobgoblin.
The hobgoblin is almost dead.
The dart slug launches a dart at you. The slug dart hits you.
You die...

#. ∆ #.###
#.#.. #.#.#
#.#.# #
#l#.# .#.#
#w#<#....#
#.@g..#
...........#
#######....#
#.#### #?.
### ∆


You could see a dart slug, a hobgoblin and a frilled lizard.

Vanquished Creatures
  3 dart slugs (D:1)
  4 endoplasms
  A goblin (D:1)
  A hobgoblin (D:1)
  4 jackals (D:1)
  2 frilled lizards (D:1)
  2 rats (D:1)
17 creatures vanquished.

Notes
Turn   | Place    | Note
-------+----------+-------------------------------------------
     0 | D:1      | CaptainMV the Gnoll Hexslinger began the quest for the Orb.
     0 | D:1      | Reached XP level 1. HP: 17/17 MP: 4/4
    89 | D:1      | Found a faded altar of an unknown god.
   159 | D:1      | Reached XP level 2. HP: 23/23 MP: 5/5
   334 | D:1      | Reached XP level 3. HP: 28/28 MP: 7/7
   338 | D:1      | Learned a level 3 spell: Inner Flame
   399 | D:2      | HP: 1/28 [hobgoblin (3)]
   405 | D:2      | Killed from afar by a dart slug

Illustrated notes

Levels and vault maps discovered:
D:1:      roderic_octagonal_star, layout_loops_ring, basic_ecumenical_altar
D:2:      layout_loops_ring, st_stairs_5

Action                     || total
---------------------------++-------
  Melee: Staff             ||    64
         Bite              ||     5
         Punch             ||     1
   Fire: Sling             ||    32
   Cast: Slow              ||     1
    Use: Scroll            ||     2
         Potion            ||     2
 Armour: Robe              ||    23
  Dodge: Dodged            ||    83
